 Dungeon Crawl Stone Soup version 0.26-a0-651-gb41185065b (webtiles) character file.

Game seed: 15168413055231956729

6535 Lanoc the Grappler (level 10, -12/90 HPs)
             Began as a Minotaur Transmuter on Oct 6, 2020.
             Was a Follower of Wu Jian.
             Mangled by a wight
             ... wielding a +5 flail of freezing
              (17 damage)
             ... on level 10 of the Dungeon.
             The game lasted 00:10:20 (11056 turns).

Lanoc the Grappler (Minotaur Transmuter)           Turns: 11056, Time: 00:10:21

Health: -12/90     AC:  4    Str: 16    XL:     10   Next: 69%
Magic:  9/11       EV: 16    Int: 10    God:    Wu Jian [*.....]
Gold:   491        SH:  5    Dex: 13    Spells: 8/11 levels left

rFire    . . .     SeeInvis .     - Unarmed
rCold    . . .     Faith    .   x - +0 buckler
rNeg     . . .     Spirit   .   g - +2 animal skin
rPois    .         Reflect  .   (helmet currently unavailable)
rElec    .         Harm     .   (no cloak)
rCorr    .         Rampage  .   (no gloves)
MR       .....                  (boots currently unavailable)
Stlth    +.........             t - amulet of the acrobat
HPRegen  0.25/turn              (no ring)
MPRegen  0.12/turn              (no ring)

@: appendages (expiring), wereblooded, lightly drained
A: retaliatory headbutt, horns 2, talons 2
a: End Transformation, Renounce Religion


You were on level 10 of the Dungeon.
You worshipped Wu Jian.
Wu Jian was aware of your devotion.
You had grown temporary talons.
You visited 2 branches of the dungeon, and saw 11 of its levels.

You collected 491 gold pieces.

Inventory:

Missiles
 a - 10 silver javelins (quivered)
Armour
 g - a +2 animal skin (worn)
 x - a +0 buckler (worn)
Jewellery
 t - an amulet of the acrobat (around neck)
 B - an uncursed amulet of faith {unknown}
Wands
 l - a wand of random effects (27)
 w - a wand of flame (15)
 y - a wand of disintegration (14)
Scrolls
 b - 7 scrolls of teleportation {unknown}
 c - 12 scrolls of identify
 d - a scroll of fear {unknown}
 e - 3 scrolls of magic mapping {unknown}
 f - 4 scrolls of amnesia {unknown}
 i - 3 scrolls of random uselessness {unknown}
 j - 4 scrolls of remove curse {unknown}
 n - 3 scrolls of enchant armour {unknown}
 p - 2 scrolls of enchant weapon {unknown}
 r - a scroll of noise {unknown}
 s - a scroll of immolation {unknown}
 z - a scroll of acquirement {unknown}
Potions
 h - 4 potions of heal wounds
 k - a potion of magic
 m - 2 potions of degeneration {unknown}
 o - 2 potions of ambrosia {unknown}
 q - 6 potions of curing {unknown}
 u - a potion of stabbing {unknown}
 v - a potion of brilliance {unknown}
 A - a potion of cancellation {unknown}


   Skills:
 + Level 8.6(8.2) Fighting
 + Level 8.0(7.7) Dodging
 - Level 4.0(3.6) Shields
 * Level 11.4(10.9) Unarmed Combat
 - Level 1.3(1.0) Spellcasting
 + Level 6.3(5.9) Transmutations


You had 8 spell levels left.
You knew the following spells:

 Your Spells              Type           Power        Failure   Level
a - Beastly Appendage     Tmut           ##....       3%          1
b - Wereblood             Tmut           ##......     4%          2

Your spell library contained the following spells:

 Spells                   Type           Power        Failure   Level
 Spider Form              Tmut/Pois      #.........   32%         3
 Blade Hands              Tmut           ##........   65%         5
 Ice Form                 Ice/Tmut       #.......     71%         4


Dungeon Overview and Level Annotations

Branches:
Dungeon (10/15)            Temple (1/1) D:6
   Lair: D:8-11         Orc: D:9-12

Altars:
Ashenzari
Cheibriados
Elyvilon
Fedhas
Gozag
Makhleb
Okawaru
Qazlal
Ru
Trog
Uskayaw
Vehumet
Wu Jian
Yredelemnul
Zin
The Shining One

Annotations:
D:10 4 runed translucent doors, Gastronok


Innate Abilities, Weirdness & Mutations

You reflexively headbutt those who attack you in melee.
You have a pair of horns on your head.
You have razor-sharp toenails.


Message History

You throw a silver javelin.
The silver javelin pierces through the wight.
The wight is moderately damaged.
You barely miss the wight. You claw the wight, but do no damage.
You headbutt the wight.
The wight is severely damaged.
Casting: Beastly Appendage (safe; 2% risk of failure)
Confirm with . or Enter, or press ? or * to list all spells.
Your blood is infused with primal strength.
The wight hits you with a +5 flail of freezing!
* * * LOW HITPOINT WARNING * * *
You feel drained.
* * * LOW HITPOINT WARNING * * *
The wight freezes you.
* * * LOW HITPOINT WARNING * * *
You hit the wight but do no damage. You claw the wight.
The wight is almost destroyed.
Your transformation is almost over.
The wight hits you with a +5 flail of freezing!
You die... ######........# HYhhhhh

#........###hHHhs..
##.........#hYhhY..
.............###++++#
###..####.#..........
#.## #..#......... #.
#...#........ #.
#...########## ..
#..)#@z......#
#...####.[..###
#.#.)..)....(.#
#.#..(.##$##....#
#..(.##..#.# .#.#
#.#..###.... ..#
...#..# ...... .. ###
##.. .....P. . #..
.....P.


You could see a wight.

Vanquished Creatures
  2 two-headed ogres
  Pikel (D:6)
  A troll (D:10)
  A hornet (D:9)
  Prince Ribbit (D:5)
  2 hippogriffs
  2 wyverns
  Duvessa (D:4)
  A porcupine (D:10)
  2 orc warriors
  An ice beast (D:8)
  A sky beast (D:10)
  4 ogres
  3 centaurs
  Blork the orc (D:5)
  Dowan (D:4)
  2 bullfrogs
  A wyvern skeleton (D:8)
  3 killer bees (D:7)
  4 howler monkeys
  5 wights (D:6)
  3 centaur zombies
  A bullfrog zombie (D:5)
  4 orc priests
  5 hounds
  A jelly (D:5)
  A bullfrog skeleton (D:6)
  2 centaur skeletons
  4 orc wizards
  6 worker ants
  A worker ant zombie (D:9)
  Robin (D:2)
  4 gnolls (D:8)
  10 adders
  A shadow imp (D:8)
  4 white imps
  An ufetubus (D:7)
  An ooze (D:2)
  2 adder zombies (D:5)
  An adder skeleton (D:4)
  2 worms
  5 leopard geckos
  29 orcs
  11 bats
  A giant cockroach (D:7)
  13 goblins
  6 hobgoblins
  3 jackals (D:2)
  3 kobolds
  6 quokkas
  A ball python skeleton (D:3)
  2 frilled lizards
  A quokka skeleton (D:5)
  8 rats
184 creatures vanquished.

Vanquished Creatures (others)
  A quokka (D:3)
  10 fungi (D:10)
  4 plants (D:10)
15 creatures vanquished.

Grand Total: 199 creatures vanquished

Notes
Turn   | Place    | Note
-------+----------+-------------------------------------------
     0 | D:1      | Lanoc the Minotaur Transmuter began the quest for the Orb.
     0 | D:1      | Reached XP level 1. HP: 16/16 MP: 1/1
   117 | D:2      | Reached XP level 2. HP: 15/23 MP: 0/3
   255 | D:2      | Learned a level 2 spell: Wereblood
   319 | D:2      | Noticed Robin
   329 | D:2      | Killed Robin
   329 | D:2      | Reached skill level 4 in Unarmed Combat
   329 | D:2      | Reached XP level 3. HP: 17/29 MP: 0/4
  1213 | D:2      | Found a burning altar of Makhleb.
  1220 | D:2      | Reached XP level 4. HP: 29/37 MP: 0/5
  1953 | D:3      | Reached XP level 5. HP: 23/42 MP: 3/6
  2356 | D:3      | You fall into a shaft and drop 2 floors!
  2356 | D:5      | Entered Level 5 of the Dungeon
  2379 | D:5      | Reached skill level 5 in Unarmed Combat
  2682 | D:5      | Noticed Prince Ribbit
  2697 | D:5      | Killed Prince Ribbit
  2697 | D:5      | Reached XP level 6. HP: 23/51 MP: 4/7
  3041 | D:5      | Reached skill level 6 in Unarmed Combat
  3041 | D:5      | Reached XP level 7. HP: 47/59 MP: 4/8
  3452 | D:5      | Noticed Blork the orc
  3459 | D:5      | Killed Blork the orc
  3804 | D:3      | Found a white marble altar of Elyvilon.
  3859 | D:3      | Reached skill level 7 in Unarmed Combat
  4374 | D:4      | Noticed Duvessa
  4375 | D:4      | Noticed Dowan
  4387 | D:4      | Killed Duvessa
  4387 | D:4      | Reached XP level 8. HP: 40/67 MP: 6/9
  4395 | D:4      | Killed Dowan
  4395 | D:4      | Reached skill level 5 in Fighting
  4395 | D:4      | Reached skill level 5 in Dodging
  5075 | D:6      | Found a staircase to the Ecumenical Temple.
  5088 | Temple   | Entered the Ecumenical Temple
  5114 | Temple   | Became a worshipper of the Wu Jian Council
  5149 | D:6      | Noticed Pikel
  5163 | D:6      | Killed Pikel
  5163 | D:6      | Reached skill level 8 in Unarmed Combat
  5579 | D:6      | Found a glowing golden altar of the Shining One.
  5788 | D:6      | Reached XP level 9. HP: 48/75 MP: 7/10
  5800 | D:6      | Reached skill level 9 in Unarmed Combat
  6051 | D:6      | Found a white marble altar of Elyvilon.
  7090 | D:7      | Reached skill level 5 in Transmutations
  7402 | D:7      | Found a snail-covered altar of Cheibriados.
  7408 | D:7      | Found an opulent altar of Gozag.
  7411 | D:7      | Found a stormy altar of Qazlal.
  7682 | D:8      | Found a radiant altar of Vehumet.
  7743 | D:8      | Reached * piety under Wu Jian
  8266 | D:8      | Reached skill level 1 in Shields
  8268 | D:8      | Reached skill level 10 in Unarmed Combat
  8628 | D:8      | HP: 1/79 [something/magic dart (6)]
  9099 | D:9      | Paralysed by a hornet for 3 turns
  9139 | D:9      | HP: 3/79 [poisoned by a hornet]
  9908 | D:9      | Reached XP level 10. HP: 70/88 MP: 7/11
 10001 | D:9      | Noticed a two-headed ogre
 10014 | D:9      | Killed a two-headed ogre
 10588 | D:10     | Entered Level 10 of the Dungeon
 10588 | D:10     | Noticed Gastronok
 10606 | D:10     | Noticed a four-headed hydra
 10969 | D:10     | Found a huge runed translucent gate.
 10969 | D:10     | Found a huge runed translucent gate.
 10970 | D:10     | Found a huge runed translucent gate.
 10970 | D:10     | Noticed a death yak
 10971 | D:10     | Found a huge runed translucent gate.
 10977 | D:10     | Noticed a two-headed ogre
 10983 | D:10     | Killed a two-headed ogre
 10983 | D:10     | Reached skill level 11 in Unarmed Combat
 11056 | D:10     | Mangled by a wight

Illustrated notes

Levels and vault maps discovered:
D:1:      dpeg_arrival_round_a, layout_basic, grunt_decor_clamped,
          minmay_shallow_snake_nest
D:2:      layout_basic, makhleb_heckhound_becter, uniq_robin
D:3:      layout_basic, elyvilon_altar_4
D:4:      layout_gridville, uniq_duvessa
D:5:      layout_basic, uniq_blork_the_orc, uniq_prince_ribbit1
D:6:      layout_loops_corners, kennysheep_mini, minmay_temple_entry_waves,
          basic_altar, uniq_pikel
D:7:      layout_gridville, minitemple, minmay_hedge_maze
D:8:      layout_loops_ring, vehumet_altar_wand_db
D:9:      layout_loops_corners
D:10:     lemuel_bear_cage, layout_rooms, grunt_lair_entry_orc_guard_hut,
          orc_david_3, uniq_fannar, uniq_gastronok
Temple:   eino_narrow_crystal_temple

Skill      XL: |  1  2  3  4  5  6  7  8  9 10 |
---------------+-------------------------------+-----
Fighting       | 2 3 4 6 7 8 |  8.6
Unarmed Combat | 4 5 6 7 8 10 11 | 11.4
Transmutations | 2 3 4 5 6 |  6.3
Dodging        | 3 4 6 7 8 |  8.0
Shields        | 2 4 |  4.0
Spellcasting   | |  1.3

Action                   |  1- 3 |  4- 6 |  7- 9 | 10-12 || total
-------------------------+-------+-------+-------+-------++-------
Melee: Unarmed           |    75 |    80 |   312 |    56 ||   523
       Kick              |     9 |    17 |    72 |    17 ||   115
       Headbutt          |     4 |    16 |    50 |    17 ||    87
       Punch             |       |       |     9 |       ||     9
Throw: Javelin           |     4 |       |       |     3 ||     7
 Cast: Beastly Appendage |     7 |     7 |    35 |     8 ||    57
       Wereblood         |     2 |     5 |    27 |     6 ||    40
Invok: Lunge             |       |       |    16 |     1 ||    17
  Use: Scroll            |       |       |     2 |       ||     2
       Potion            |       |       |     1 |       ||     1
 Stab: Sleeping          |       |       |     1 |       ||     1
Armor: Robe              |     8 |       |       |       ||     8
       Animal skin       |     6 |    24 |    50 |     4 ||    84
Dodge: Dodged            |    59 |    66 |   200 |    39 ||   364
Block: Buckler           |       |       |     6 |    10 ||    16

Table legend: (Time is in decaauts)
 A = Elapsed time spent in this place.
 B = Non-inter-level travel time spent in this place.
 C = Inter-level travel time spent in this place.
 D = Time resting spent in this place.
 E = Time spent auto-exploring this place.
 F = Levels seen in this place.
 G = Mean time per level.
                   A        B        C        D        E       F      G
               +--------+--------+--------+--------+--------+-----+--------+
         Total |  10998 |  10690 |    308 |    928 |   8665 |  11 |  999.8 |
       Dungeon |  10963 |  10662 |    301 |    928 |   8653 |  10 | 1096.3 |
        Temple |     34 |     27 |      7 |      0 |     12 |   1 |   34.0 |
               +--------+--------+--------+--------+--------+-----+--------+

Top non-repeatable levels by time:
     D:2: 2119 daAuts
     D:9: 1699 daAuts
     D:6: 1528 daAuts
     D:5: 1312 daAuts
     D:8: 1310 daAuts
     D:7: 1142 daAuts
     D:3: 789 daAuts
     D:4: 601 daAuts
    D:10: 371 daAuts
     D:1: 88 daAuts
  Temple: 34 daAuts
